 Dungeon Crawl Stone Soup version 0.28-a0-1184-g53156a8862 (webtiles) character file.

Game seed: 11778738801564259856

806 ytrimaz the Insei (level 7, -9/46 HPs)
             Began as an Octopode Transmuter on Dec 17, 2021.
             Killed from afar by Dowan (13 damage)
             ... with a shard of ice
             ... on level 5 of the Dungeon.
             The game lasted 00:05:00 (5641 turns).

ytrimaz the Insei (Octopode Transmuter)             Turns: 5641, Time: 00:05:01

Health: -9/46      AC:  2    Str:  9    XL:     7   Next: 91%
Magic:  28/31      EV: 21    Int: 17    God:
Gold:   203        SH:  0    Dex: 18    Spells: 8/14 levels left

rFire   . . .      SeeInvis .     - Unarmed
rCold   . . .      Faith    .   (shield currently unavailable)
rNeg    . . .      Spirit   .   (helmet currently unavailable)
rPois   x          Reflect  .   (no amulet)
rElec   .          Harm     .   e - ring of magical power
rCorr   .          Rampage  .   i - ring of magical power
Will    .....                   (no ring)
Stlth   ++........              (no ring)
HPRegen 0.15/turn               (no ring)
MPRegen 0.22/turn               (no ring)
                                (no ring)
                                (no ring)

@: spider-form (expiring)
A: venomous fangs, almost no armour, (amphibious), 8 rings, tiny, (camouflage
1), (gelatinous body 1), (nimble swimmer 1), (tentacles)
a: End Transformation


You were on level 5 of the Dungeon.
You were a venomous arachnid creature.
You visited 1 branch of the dungeon, and saw 5 of its levels.

You collected 203 gold pieces.

Inventory:

Missiles
 k - 2 throwing nets
Jewellery
 e - a ring of magical power (left front leg)
 i - a ring of magical power (right front leg)
Wands
 j - a wand of acid (14)
 l - a wand of flame (4)
Scrolls
 h - 3 scrolls of teleportation
 o - 2 scrolls of immolation
Potions
 a - 7 potions of curing
 b - 3 potions of might
 c - a potion of cancellation
 d - a potion of attraction
 f - a potion of heal wounds
 g - 2 potions of flight
 m - a potion of berserk rage {unknown}
 p - a potion of haste


   Skills:
 * Level 3.1 Fighting
 * Level 4.0 Dodging
 + Level 5.0 Unarmed Combat
 * Level 4.4 Spellcasting
 * Level 4.2 Transmutations


You had 8 spell levels left.
You knew the following spells:

 Your Spells              Type           Power      Damage    Failure   Level
a - Beastly Appendage     Tmut           36%        N/A       10%         1
b - Wereblood             Tmut           18%        N/A       13%         2
c - Spider Form           Tmut/Pois      10%        N/A       38%         3

Your spell library contained the following spells:

 Spells                   Type           Power      Damage    Failure   Level
 Sublimation of Blood     Necr           3%         N/A       43%         2
 Call Canine Familiar     Summ           3%         N/A       63%         3
 Inner Flame              Hex/Fire       3%         N/A       63%         3
 Portal Projectile        Hex/Tloc       6%         N/A       63%         3
 Ice Form                 Ice/Tmut       10%        N/A       75%         4
 Petrify                  Tmut/Erth      10%        N/A       75%         4
 Cause Fear               Hex            1%         N/A       94%         4
 Leda's Liquefaction      Hex/Erth       1%         N/A       94%         4
 Irradiate                Conj/Tmut      5%         3d15      96%         5
 Discord                  Hex            1%         N/A       100%        8


Dungeon Overview and Level Annotations

Branches:
Dungeon (5/15)
 Temple: D:4-7

Altars:
Makhleb

Annotations:
D:5 Dowan


Innate Abilities, Weirdness & Mutations

You are a venomous arachnid creature.
You have poisonous fangs.
You are tiny and dextrous.
Your spellcasting is less reliable in this form.
Your armour is entirely melded.
You are incapable of wielding weapons or throwing items.
You cannot wear most types of armour.
((You are amphibious.))
You can wear up to eight rings at the same time.
((Your skin changes colour to match your surroundings (Stealth+).))
((Your rubbery body absorbs attacks. (AC +1, EV +1)))
((You are camouflaged near water. (Stealth+)))
((You have tentacles for arms and can constrict up to eight enemies at once.))


Message History

You hit Duvessa but do no damage.
Duvessa looks as sick as possible!
Duvessa is moderately wounded.
Duvessa misses you.
You hit Duvessa.
Duvessa looks as sick as possible!
Duvessa is heavily wounded.
Duvessa misses you.
You barely miss Duvessa.
Duvessa is heavily wounded.
Duvessa closely misses you.
You hit Duvessa.
Duvessa looks as sick as possible!
Duvessa is almost dead.
Duvessa misses you.
Your magical contamination has completely faded away.
You completely miss Duvessa.
Duvessa is almost dead.
Duvessa hits you with a +0 short sword!
You hear a shout!
You hit Duvessa but do no damage.
Duvessa is almost dead.
You kill Duvessa!
You hear a distant wail of despair.
Your Dodging skill increases to level 4!
Your Unarmed Combat skill increases to level 5!
Unknown command.
Your transformation is almost over.
Dowan seems to find hidden reserves of power!
Dowan completely misses you.
You barely miss Dowan. Dowan completely misses you.
Dowan points at you and mumbles some strange words.
The shard of ice hits you!!
Ouch! That really hurt!
* * * LOW HITPOINT WARNING * * *
You hear a shout!
You bite Dowan!
Dowan is poisoned.
Dowan is moderately wounded.
You hear a bark!
An adder comes into view.
Dowan gestures at you while chanting. The shard of ice hits you!
You die...

.# #. #.#
#.#. #.#.#
#.#.#.#.
#.#.#
#.#.#.#.#
#.#.#
#.#.#.#.#
#.#.#.#.#.#.#
#e#.#l#.#.#
#s#)#.#.#
#S#l#.#.#
#.#.#.#<#
#.#.#.#.#.#
#.#.#.#.#.#.#
#.#.#.#.#
#.#.#
#.#.#.#.#
#.#.#
.#.....#
#.... ##...#
#...#


You could see Dowan (fast, very poisoned), an iguana and an adder (wandering).

Vanquished Creatures
  3 yaks (D:4)
  Duvessa (D:5)
  A jelly (D:4)
  A hound (D:4)
  Jessica (D:3)
  An iguana (D:4)
  4 gnolls
  2 adders
  A shadow imp (D:4)
  2 adder skeletons (D:4)
  A worm (D:3)
  2 dart slugs
  An orc (D:3)
  6 endoplasms
  4 giant cockroaches
  9 goblins
  8 hobgoblins
  3 jackals (D:1)
  4 quokkas
  8 ball pythons
  9 bats
  4 frilled lizards
  6 kobolds
  7 rats
89 creatures vanquished.

Notes
Turn   | Place    | Note
-------+----------+-------------------------------------------
     0 | D:1      | ytrimaz the Octopode Transmuter began the quest for the
                  | Orb.
     0 | D:1      | Reached XP level 1. HP: 13/13 MP: 3/3
    11 | D:1      | Found a faded altar of an unknown god.
   422 | D:1      | Reached XP level 2. HP: 3/18 MP: 5/5
   683 | D:1      | Learned a level 2 spell: Wereblood
   869 | D:1      | Reached XP level 3. HP: 21/23 MP: 4/6
   873 | D:1      | Learned a level 3 spell: Spider Form
  1953 | D:2      | Found a burning altar of Makhleb.
  2147 | D:2      | Reached XP level 4. HP: 22/28 MP: 8/8
  2600 | D:3      | Noticed Jessica
  2623 | D:3      | Killed Jessica
  3108 | D:3      | Reached XP level 5. HP: 34/34 MP: 9/9
  4523 | D:4      | Reached XP level 6. HP: 33/39 MP: 11/11
  4676 | D:4      | Reached skill level 4 in Unarmed Combat
  4877 | D:4      | Noticed a yak
  4877 | D:4      | Noticed a yak
  4961 | D:4      | Killed a yak
  5287 | D:4      | Noticed a yak
  5305 | D:4      | Killed a yak
  5306 | D:4      | Reached XP level 7. HP: 38/45 MP: 13/13
  5314 | D:4      | Killed a yak
  5625 | D:5      | Entered Level 5 of the Dungeon
  5625 | D:5      | Noticed Duvessa
  5625 | D:5      | Noticed Dowan
  5638 | D:5      | Killed Duvessa
  5639 | D:5      | Reached skill level 5 in Unarmed Combat
  5641 | D:5      | Killed from afar by Dowan

Illustrated notes

Levels and vault maps discovered:
D:1:      mushboom_english_gardens, layout_rooms, shapermc_ecumenical_altar_venn
D:2:      layout_basic, basic_altar
D:3:      layout_basic, uniq_jessica
D:4:      layout_basic, serial_rivers, chequers_serial_rivers_room_b,
          chequers_serial_rivers_large_a, chequers_serial_rivers_marsh,
          chequers_serial_rivers_micro_b, chequers_serial_rivers_micro_c,
          st_stairs_9
D:5:      layout_basic, serial_corexii_hall, chequers_hall_statues_y,
          corexii_hall_statues_i, corexii_hall_statues_t,
          corexii_hall_statues_x, hex_intersection, uniq_blork_the_orc,
          uniq_duvessa

Skill      XL: |  1  2  3  4  5  6  7 |
---------------+----------------------+-----
Spellcasting   | 3 4 |  4.4
Transmutations | 3 4 |  4.2
Fighting       | 2 3 |  3.1
Dodging        | 3 4 |  4.0
Unarmed Combat | 4 5 |  5.0

Action                   |  1- 3 |  4- 6 |  7- 9 || total
-------------------------+-------+-------+-------++-------
Melee: Unarmed           |   110 |   100 |    13 ||   223
       Tentacles         |    12 |     5 |       ||    17
       Constrict         |    33 |    21 |       ||    54
       Kick              |    20 |    11 |       ||    31
       Punch             |     1 |     4 |       ||     5
 Cast: Beastly Appendage |    30 |    18 |     1 ||    49
       Spider Form       |       |     5 |     2 ||     7
       Wereblood         |       |     1 |       ||     1
  Use: Potion            |     2 |       |       ||     2
       Scroll            |     4 |     6 |     2 ||    12
 Stab: Sleeping          |     3 |     5 |     1 ||     9
Armor: Skin              |    18 |     6 |       ||    24
Dodge: Dodged            |    78 |    69 |    10 ||   157

Table legend: (Time is in decaauts)
 A = Elapsed time spent in this place.
 B = Non-inter-level travel time spent in this place.
 C = Inter-level travel time spent in this place.
 D = Time resting spent in this place.
 E = Time spent auto-exploring this place.
 F = Levels seen in this place.
 G = Mean time per level.
                   A        B        C        D        E       F      G
               +--------+--------+--------+--------+--------+-----+--------+
         Total |   5627 |   5484 |    143 |    449 |   4154 |   5 | 1125.4 |
       Dungeon |   5627 |   5484 |    143 |    449 |   4154 |   5 | 1125.4 |
               +--------+--------+--------+--------+--------+-----+--------+

Top non-repeatable levels by time:
     D:4: 1643 daAuts
     D:3: 1484 daAuts
     D:2: 1257 daAuts
     D:1: 1227 daAuts
     D:5: 14 daAuts
